 Dungeon Crawl Stone Soup version 0.32-a0-913-g739538afd8 (webtiles) character file.

Game seed: 6474750724829410116

338 Mgcat the Chopper (level 6, 0/75 HPs)
             Began as a Coglin Berserker on Apr 9, 2024.
             Was a Believer of Trog.
             Slain by Duvessa
             ... wielding a +0 short sword
              (9 damage)
             ... on level 4 of the Dungeon.
             The game lasted 00:05:38 (2797 turns).

Mgcat the Chopper (Coglin Berserker)                Turns: 2797, Time: 00:05:39

Health: 0/75       AC:  7    Str: 19    XL:     6   Next: 55%
Magic:  6/6        EV:  9    Int:  6    God:    Trog [**....]
Gold:   179        SH:  0    Dex: 14    Spells: 5/5 levels left

rFire   . . .        a - +0 hand axe {Demetirus}
rCold   . . .        o - +0 dagger (venom) {Ypnig}
rNeg    . . .        l - +0 scale mail {rPois}
rPois   +            (no helmet)
rElec   .            (no cloak)
rCorr   .            (no gloves)
SInv    .            g - +0 pair of boots
Will    .....        (amulet unavailable) Stlth
                     (ring unavailable)
HPRegen 0.32/turn    (ring unavailable)
MPRegen 0.10/turn    (no gizmo)

%: no passive effects
@: berserking, lit by a corona, glowing, revved, very quick
A: off-hand wielding, slow wielding, warmup strikes, no jewellery
a: Invent Gizmo, Renounce Religion, Berserk, Trog's Hand


You were on level 4 of the Dungeon.
You worshipped Trog.
Trog was pleased with you.
You visited 1 branch of the dungeon, and saw 4 of its levels.

You collected 179 gold pieces.

Inventory:

Hand Weapons
 a - a +0 hand axe (weapon) {Demetirus}
 c - a +0 dagger {Fumito}
 o - a +0 dagger of venom (offhand) {Ypnig}
   (You found it on level 1 of the Dungeon)
Armour
 b - a +0 animal skin
 g - a +0 pair of boots (worn)
   (You found it on level 1 of the Dungeon)
 l - a +0 scale mail of poison resistance (worn)
   (You found it on level 2 of the Dungeon)
Wands
 k - a wand of paralysis (13)
   (You found it on level 2 of the Dungeon)
Scrolls
 d - 6 scrolls of identify {unknown}
 e - a scroll of fog {unknown}
 h - a scroll of immolation {unknown}
 j - a scroll of amnesia {unknown}
 m - a scroll of noise {unknown}
 n - a scroll of fear {unknown}
 s - a scroll of enchant weapon {unknown}
 t - a scroll of blinking {unknown}
Potions
 f - 2 potions of heal wounds {unknown}
 i - a potion of cancellation {unknown}
 p - 2 potions of mutation {unknown}
 q - a potion of curing {unknown}
 r - a potion of resistance {unknown}


   Skills:
 + Level 4.8 Fighting
 * Level 6.0 Axes
 - Level 1.7 Armour
 - Level 1.7 Dodging


You had 5 spell levels left.
You didn't know any spells.
Your spell library was empty.

Dungeon Overview and Level Annotations

Branches:
Dungeon (4/15)
 Temple: D:4-7

Altars:
Elyvilon
Gozag
Hepliaklqana
Kikubaaqudgha
Uskayaw
Wu Jian
Zin

Annotations:
D:4 Duvessa


Innate Abilities, Weirdness & Mutations

You can wield a second weapon in your off-hand.
It takes a long time for you to wield or remove held weapons.
Your first few attacks do less damage.
You cannot equip rings or amulets.


Message History

Health restored: 49 Nothing quivered!
You open the large door.
There is a large open door here.
There is a large open door, spattered with blood here.
You see here a +0 hand axe.
t - a scroll labelled SAUTIH RABAORCHE You open the door.
There is an open door here.
You open the door.
There is an open door here.
As you open the door, it creaks loudly!
Duvessa and Dowan come into view.
Duvessa shouts!
Warning x2: Duvessa can hit for moderate damage in melee, and goes Berserk when Dowan dies!
Dowan can Haste Duvessa, and will become Hasted and cast Throw Icicle when Duvessa dies!
Unknown command.
Warning x2: Duvessa can hit for moderate damage in melee, and goes Berserk when Dowan dies!
Dowan can Haste Duvessa, and will become Hasted and cast Throw Icicle when Duvessa dies!
You close the door.
Duvessa opens the door.
Warning x2: Duvessa can hit for moderate damage in melee, and goes Berserk when Dowan dies!
Dowan can Haste Duvessa, and will become Hasted and cast Throw Icicle when Duvessa dies!
Warning x2: Duvessa can hit for moderate damage in melee, and goes Berserk when Dowan dies!
Dowan can Haste Duvessa, and will become Hasted and cast Throw Icicle when Duvessa dies!
Spoiler Alert: Dowan can Haste Duvessa, and will become Hasted and cast Throw Icicle when Duvessa dies!
You fail to use your ability.
Dowan hits you but does no damage.
Warning x2: Duvessa can hit for moderate damage in melee, and goes Berserk when Dowan dies!
Dowan can Haste Duvessa, and will become Hasted and cast Throw Icicle when Duvessa dies!
You hit Dowan but do no damage.
You completely miss Dowan with your +0 dagger of venom.
Dowan hits you but does no damage.
Warning x2: Duvessa can hit for moderate damage in melee, and goes Berserk when Dowan dies!
Dowan can Haste Duvessa, and will become Hasted and cast Throw Icicle when Duvessa dies!
A red film seems to cover your vision as you go berserk!
You feel yourself moving faster!
You feel mighty! Dowan gestures at you while chanting.
You are outlined in light.
You now have 73/73 hp.
Warning x2: Duvessa can hit for moderate damage in melee, and goes Berserk when Dowan dies!
Dowan can Haste Duvessa, and will become Hasted and cast Throw Icicle when Duvessa dies!
You closely miss Dowan with your +0 dagger of venom.
You hit Dowan with your +0 hand axe.
Warning x2: Duvessa can hit for moderate damage in melee, and goes Berserk when Dowan dies!
Dowan can Haste Duvessa, and will become Hasted and cast Throw Icicle when Duvessa dies!
You barely miss Dowan with your +0 dagger of venom.
Dowan is moderately wounded.
You barely miss Dowan with your +0 hand axe.
Dowan hits you with a +0 dagger.
You take 1 damage, and have 72/73 hp.
Warning x2: Duvessa can hit for moderate damage in melee, and goes Berserk when Dowan dies!
Dowan can Haste Duvessa, and will become Hasted and cast Throw Icicle when Duvessa dies!
You closely miss Dowan with your +0 hand axe.
Dowan is moderately wounded.
You puncture Dowan with your +0 dagger of venom!
Dowan is poisoned.
Warning x2: Duvessa can hit for moderate damage in melee, and goes Berserk when Dowan dies!
Dowan (very poisoned) can Haste Duvessa, and will become Hasted and cast Throw Icicle when Duvessa dies!
You slash Dowan with your +0 hand axe!
Dowan is severely wounded.
You hit Dowan with your +0 dagger of venom.
Dowan looks as sick as possible!
You kill Dowan!
Trog accepts your kill.
Trog appreciates your killing of a magic user.
Duvessa screams in rage.
Duvessa goes berserk!
Your Axes skill increases to level 6!
You regained 2 hp, and now have 74/75 hp.
Spoiler Alert: Duvessa (berserk) can hit for moderate damage in melee, and goes Berserk when Dowan dies!
You hit Duvessa but do no damage.
Duvessa is poisoned.
You closely miss Duvessa with your +0 hand axe.
Duvessa hits you with a +0 short sword!
You take 8 damage, and have 66/75 hp.
Lua error: [string "/dgldir/rcfiles/crawl-git/Mgcat.rc"]:930: invalid capture index You slash Duvessa with your +0 hand axe!
Duvessa is moderately wounded.
You hit Duvessa with your +0 dagger of venom.
Duvessa looks as sick as possible!
Duvessa hits you with a +0 short sword!
You take 9 damage, and have 57/75 hp.
Lua error: [string "/dgldir/rcfiles/crawl-git/Mgcat.rc"]:930: invalid capture index You hit Duvessa but do no damage.
Duvessa is moderately wounded.
You barely miss Duvessa with your +0 hand axe.
Duvessa hits you with a +0 short sword!
You take 13 damage, and have 44/75 hp.
Lua error: [string "/dgldir/rcfiles/crawl-git/Mgcat.rc"]:930: invalid capture index You puncture Duvessa with your +0 dagger of venom!
Duvessa looks as sick as possible!
Duvessa is heavily wounded.
You hit Duvessa but do no damage. Duvessa hits you with a +0 short sword.
You take 6 damage, and have 38/75 hp.
Lua error: [string "/dgldir/rcfiles/crawl-git/Mgcat.rc"]:930: invalid capture index You barely miss Duvessa with your +0 dagger of venom.
Duvessa is severely wounded.
You hit Duvessa but do no damage. Duvessa hits you with a +0 short sword!
You take 15 damage, and have 23/75 hp.
Lua error: [string "/dgldir/rcfiles/crawl-git/Mgcat.rc"]:930: invalid capture index You closely miss Duvessa with your +0 dagger of venom.
Duvessa is severely wounded.
You barely miss Duvessa with your +0 hand axe.
Duvessa hits you with a +0 short sword!
* * * LOW HITPOINT WARNING * * *
You take 15 damage, and have 8/75 hp.
Lua error: [string "/dgldir/rcfiles/crawl-git/Mgcat.rc"]:930: invalid capture index You hit Duvessa with your +0 hand axe.
Duvessa is severely wounded.
You puncture Duvessa with your +0 dagger of venom!
Duvessa hits you with a +0 short sword!
You die...

.........#
#........
.........# #.......
.........# #......
.........# #.....
.........# #....
.........##### ...
.........#...# #'#
.....###.#...####e#
.....###.....'..@.#
.....'.......######
.....####....#
.....# #....#
.....# #....#
.....# #.####
.....# #.# .....#
#.# .....+ ..#


You could see Duvessa (berserk, extremely poisoned).

Vanquished Creatures
  Dowan (D:4)
  2 bombardier beetles
  Natasha (D:3)
  2 iguanas (D:4)
  An orc wizard (D:4)
  5 adders
  2 dart slugs
  3 ribbon worms
  9 orcs
  7 endoplasms
  A giant cockroach (D:1)
  2 goblins
  6 hobgoblins
  4 quokkas
  4 ball pythons
  3 bats
  5 frilled lizards
  7 kobolds
  5 rats
70 creatures vanquished.

Notes
Turn   | Place    | Note
-------+----------+-------------------------------------------
     0 | D:1      | Mgcat the Coglin Berserker began the quest for the Orb.
     0 | D:1      | Reached XP level 1. HP: 18/18 MP: 1/1
   103 | D:1      | Reached XP level 2. HP: 24/24 MP: 2/2
   845 | D:2      | Reached XP level 3. HP: 18/29 MP: 3/3
  1015 | D:2      | Reached skill level 4 in Axes
  1120 | D:2      | Found a faded altar of an unknown god.
  1152 | D:2      | Reached ** piety under Trog
  1526 | D:3      | Reached XP level 4. HP: 35/37 MP: 4/4
  1859 | D:3      | Found a hide-covered altar of Uskayaw.
  1861 | D:3      | Found an ancient bone altar of Kikubaaqudgha.
  1863 | D:3      | Found an opulent altar of Gozag.
  1863 | D:3      | Found a glowing silver altar of Zin.
  1886 | D:3      | Found an ornate altar of the Wu Jian Council.
  1886 | D:3      | Found a hazy altar of Hepliaklqana.
  1886 | D:3      | Found a white marble altar of Elyvilon.
  1933 | D:3      | Reached skill level 4 in Fighting
  1933 | D:3      | Reached XP level 5. HP: 42/42 MP: 5/5
  2028 | D:3      | Noticed Natasha
  2040 | D:3      | Killed Natasha
  2041 | D:3      | Reached skill level 5 in Axes
  2527 | D:4      | Reached XP level 6. HP: 45/49 MP: 6/6
  2586 | D:4      | HP: 11/49 [orc/+0 hand axe (3)]
  2597 | D:4      | Reached *** piety under Trog
  2780 | D:4      | Noticed Duvessa
  2780 | D:4      | Noticed Dowan
  2790 | D:4      | Killed Dowan
  2791 | D:4      | Reached skill level 6 in Axes
  2796 | D:4      | HP: 8/75 [Duvessa/+0 short sword (15)]
  2797 | D:4      | Slain by Duvessa

Illustrated notes

Levels and vault maps discovered:
D:1:      wander_arrival_chamber, layout_loops_ring
D:2:      layout_loops_ring, shapermc_ecumenical_altar_notcrosses
D:3:      layout_loops_ring, grunt_temple_overflow_open,
          nicolae_elevator_lobby_plus, uniq_natasha
D:4:      layout_basic, mainiacjoe_overflow_catwalk, amcnicky_mini_pool_small,
          uniq_duvessa

Skill      XL: |  1  2  3  4  5  6 |
---------------+-------------------+-----
Axes           | 4 5 6 |  6.0
Fighting       | 4 |  4.8
Armour         | |  1.7
Dodging        | |  1.7

Action                     |  1- 3 |  4- 6 || total
---------------------------+-------+-------++-------
  Melee: Hand axe          |    93 |    96 ||   189
         Dagger            |    84 |    89 ||   173
 Invoke: Berserk           |     1 |     4 ||     5
 Armour: Animal skin       |    27 |       ||    27
         Scale mail        |    48 |    72 ||   120
  Dodge: Dodged            |    41 |    43 ||    84

Table legend: (Time is in decaauts)
 A = Elapsed time spent in this place.
 B = Non-inter-level travel time spent in this place.
 C = Inter-level travel time spent in this place.
 D = Time resting spent in this place.
 E = Time spent auto-exploring this place.
 F = Levels seen in this place.
 G = Mean time per level.
                   A        B        C        D        E       F      G
               +--------+--------+--------+--------+--------+-----+--------+
         Total |   2851 |   2643 |    208 |    199 |   1960 |   4 |  712.8 |
       Dungeon |   2851 |   2643 |    208 |    199 |   1960 |   4 |  712.8 |
               +--------+--------+--------+--------+--------+-----+--------+

Top non-repeatable levels by time:
     D:3: 839 daAuts
     D:2: 794 daAuts
     D:1: 685 daAuts
     D:4: 532 daAuts

Levels and vault maps discovered:
D:1:      wander_arrival_chamber, layout_loops_ring
D:2:      layout_loops_ring, shapermc_ecumenical_altar_notcrosses
D:3:      layout_loops_ring, grunt_temple_overflow_open,
          nicolae_elevator_lobby_plus, uniq_natasha
D:4:      layout_basic, mainiacjoe_overflow_catwalk, amcnicky_mini_pool_small,
          uniq_duvessa

Table legend: (Time is in decaauts)
 A = Elapsed time spent in this place.
 B = Non-inter-level travel time spent in this place.
 C = Inter-level travel time spent in this place.
 D = Time resting spent in this place.
 E = Time spent auto-exploring this place.
 F = Levels seen in this place.
 G = Mean time per level.
                   A        B        C        D        E       F      G
               +--------+--------+--------+--------+--------+-----+--------+
         Total |   2851 |   2643 |    208 |    199 |   1960 |   4 |  712.8 |
       Dungeon |   2851 |   2643 |    208 |    199 |   1960 |   4 |  712.8 |
               +--------+--------+--------+--------+--------+-----+--------+

Top non-repeatable levels by time:
     D:3: 839 daAuts
     D:2: 794 daAuts
     D:1: 685 daAuts
     D:4: 532 daAuts

Table legend:
 A = Kills in this place as a percentage of kills in the entire game.
 B = Kills by you in this place as a percentage of kills by you in the entire game.
 C = Kills by friends in this place as a percentage of kills by friends in the entire game.
 D = Other kills in this place as a percentage of other kills in the entire game.
 E = Experience gained in this place as a percentage of experience gained in the entire game.
 F = Experience gained in this place divided by the number of levels of this place that you have seen.
                   A       B       C       D       E      F
               +-------+-------+-------+-------+-------+----------------------
         Total | 100.0 | 100.0 |   N/A |   N/A | 100.0 | 121.0
       Dungeon | 100.0 | 100.0 |   N/A |   N/A | 100.0 | 121.0
               +-------+-------+-------+-------+-------+----------------------
